 Dungeon Crawl Stone Soup version 0.26.0-10-g1f06aea511 (webtiles) character file.

Game seed: 5734383440660519136

29 Dracia the Chiller (level 3, -6/24 HPs)
             Began as a Demonspawn Ice Elementalist on Jan 17, 2021.
             Mangled by a gnoll
             ... wielding a +1 flail of holy wrath
              (9 damage)
             ... on level 2 of the Dungeon.
             The game lasted 00:02:13 (1475 turns).

Dracia the Chiller (Demonspawn Ice Elementalist)    Turns: 1475, Time: 00:02:14

Health: -6/24      AC:  3    Str:  9    XL:     3   Next: 1%
Magic:  6/6        EV: 12    Int: 16    God:
Gold:   15         SH:  0    Dex: 13    Spells: 5/6 levels left

rFire    . . .     SeeInvis .   h - +0 hunting sling
rCold    . . .     Faith    .   (no shield)
rNeg     . . .     Spirit   .   a - +0 robe
rPois    .         Reflect  .   b - +0 helmet
rElec    .         Harm     .   (no cloak)
rCorr    .         Rampage  .   (no gloves)
Will     .....                  (no boots)
Stlth    ++........             (no amulet)
HPRegen  0.08/turn              (no ring)
MPRegen  0.10/turn              (no ring)

@: no status effects
A: powered by pain 1
a: no special abilities


You were on level 2 of the Dungeon.
You visited 1 branch of the dungeon, and saw 2 of its levels.

You collected 15 gold pieces.


Innate Abilities, Weirdness & Mutations

You sometimes gain a little power by taking damage.


   Skills:
 - Level 1.7 Dodging
 - Level 1.7 Stealth
 - Level 2.0 Spellcasting
 + Level 4.5 Ice Magic


You had 5 spell levels left.
You knew the following spells:

 Your Spells              Type           Power        Failure   Level
z - Freeze                Ice            64%          3%          1

Your spell library contained the following spells:

 Spells                   Type           Power        Failure   Level
 Frozen Ramparts          Ice            32%          10%         3
 Ozocubu's Armour         Ice            16%          10%         3
 Hailstorm                Conj/Ice       8%           63%         4
 Summon Ice Beast         Ice/Summ       8%           63%         4

Inventory:

Hand Weapons
 h - a +0 hunting sling (weapon)
Missiles
 i - 50 stones (quivered ammo)
Armour
 a - a +0 robe (worn)
 b - a +0 helmet (worn)
Scrolls
 d - a scroll of remove curse {unknown}
 e - 3 scrolls of teleportation {unknown}
 f - a scroll of magic mapping {unknown}
 g - a scroll of fear {unknown}
 j - a scroll of identify {unknown}
Potions
 c - a potion of curing {unknown}

Dungeon Overview and Level Annotations

Branches:
Dungeon (2/15)

Altars:

g......... ..
.........# ..#
.........##..#
...........$.
...$.......#
..........#
.......g..#
.....g.@#
....(.g..#
.......(...
##..##(##..#
#. =$ ..# #
##. ..# (. ##
##


You could see 4 gnolls.


Message History

Aim: a leopard gecko (severely wounded)
You shoot a stone. The stone hits the leopard gecko.
You kill the leopard gecko!
You have reached level 3!
Your experience leads to an increase in your attributes!
Increase (S)trength, (I)ntelligence, or (D)exterity?
You feel stronger.
Magic restored.
Key pressed, stopping explore.
Key pressed, stopping explore.
Key pressed, stopping explore.
HP restored.
i - 48 stones (gained 2)
i - 49 stones (gained 1)
i - 50 stones (gained 1) Done exploring.
Done exploring.
Done exploring.
(D) Dungeon
Where to? (Enter - D:2, ? - help)
There is a stone staircase leading down, spattered with blood here.
You climb downwards.
The gnoll hits you! The gnoll misses you.
There is a stone staircase leading up here.
Okay, then.
The gnoll hits you!
* * * LOW HITPOINT WARNING * * *
The gnoll hits you with a +1 flail of holy wrath.
* * * LOW HITPOINT WARNING * * *
You convulse!
You die...

Skill      XL: |  1 |
---------------+----+-----
Ice Magic      | 4 |  4.5
Dodging        | |  1.7
Stealth        | |  1.7
Spellcasting   | |  2.0

Action                   || total
-------------------------++-------
Melee: Unarmed           ||    11
 Fire: Hunting sling     ||    14
 Cast: Freeze            ||    29
Armor: Robe              ||    15
Dodge: Dodged            ||    38

Levels and vault maps discovered:
D:1:      dpeg_arrival_rooms_b, layout_loops_cross, serial_glass,
          glass_columns_a, glass_columns_a, feat_on_display,
          minmay_strange_pillars, minivault_4
D:2:      minmay_skewed_foursquare, layout_rooms, grunt_temple_overflow_open,
          minitemple, ashenzari_altar_1, serial_bayou_pond_e,
          minmay_split_cup_small, uniq_natasha, uniq_jessica

Notes
Turn   | Place    | Note
-------+----------+-------------------------------------------
     0 | D:1      | Dracia the Demonspawn Ice Elementalist began the quest for
                  | the Orb.
     0 | D:1      | Reached XP level 1. HP: 13/13 MP: 3/3
   522 | D:1      | Reached skill level 4 in Ice Magic
   582 | D:1      | Gained mutation: You sometimes gain a little power by
                  | taking damage. [demonic ancestry]
   582 | D:1      | Reached XP level 2. HP: 16/19 MP: 3/5
  1289 | D:1      | Reached XP level 3. HP: 10/24 MP: 0/6
  1475 | D:2      | Mangled by a gnoll

Vanquished Creatures
  2 dart slugs (D:1)
  A leopard gecko (D:1)
  6 bats
  A giant cockroach (D:1)
  3 goblins (D:1)
  3 hobgoblins (D:1)
  A jackal (D:1)
  3 kobolds (D:1)
  A rat (D:1)
21 creatures vanquished.

Table legend: (Time is in decaauts)
 A = Elapsed time spent in this place.
 B = Non-inter-level travel time spent in this place.
 C = Inter-level travel time spent in this place.
 D = Time resting spent in this place.
 E = Time spent auto-exploring this place.
 F = Levels seen in this place.
 G = Mean time per level.
                   A        B        C        D        E       F      G
               +--------+--------+--------+--------+--------+-----+--------+
         Total |   1479 |   1449 |     30 |    273 |   1029 |   2 |  739.5 |
       Dungeon |   1479 |   1449 |     30 |    273 |   1029 |   2 |  739.5 |
               +--------+--------+--------+--------+--------+-----+--------+

Top non-repeatable levels by time:
     D:1: 1468 daAuts
     D:2: 10 daAuts

Table legend:
 A = Non-vault XP
 B = Vault XP
 C = Vault XP percentage of total XP
 D = Non-vault monster count
 E = Vault monster count
 F = Vault count percentage of total count
                 A         B        C        D         E       F
            +---------+---------+-------+---------+---------+-------
      Total |      36 |       6 |  14.3 |      18 |       3 |  14.3
            +---------+---------+-------+---------+---------+-------
        D:1 |      36 |       4 |  10.0 |      18 |       2 |  10.0
        D:2 |       0 |       2 | 100.0 |       0 |       1 | 100.0
            +---------+---------+-------+---------+---------+-------
